 Dungeon Sprint DCSS version 0.29.1-2-gbd0b4ee654 (webtiles) character file.

Game seed: 5643886587458328435

12428 Groucho the Imperceptible (level 11, -9/63 HPs)
             Began as a Felid Berserker on Nov 16, 2022.
             Was the Champion of Trog.
             Killed from afar by an ice dragon (44 damage)
             ... with a blast of cold
             ... in the Dungeon (Sprint IX: "|||||||||||||||||||||||||||||").
             The game lasted 00:09:43 (5137 turns).

Groucho the Imperceptible (Felid Berserker)         Turns: 5137, Time: 00:09:43

Health: -9/63      AC:  2    Str: 26    XL:     11   Next: 62%
Magic:  21/21      EV: 30    Int:  8    God:    Trog [******]
Gold:   165        SH:  5    Dex: 14    Spells: 10/10 levels left
                                        Lives:  0   Deaths: 2

rFire   . . .      SeeInvis +     - Unarmed
rCold   . . .      Faith    .   (shield unavailable)
rNeg    . . .      Spirit   .   (body armour unavailable)
rPois   .          Reflect  +   (helmet unavailable)
rElec   +          Harm     .   (cloak unavailable)
rCorr   .          Rampage  .   (gloves unavailable)
Will    +++..      NoTele   +   (boots unavailable)
Stlth   ++++++++..              o - amulet "Yrilu" {Reflect rElec MP+9 Dex-3 Slay+4 SH+5}
HPRegen 1.20/turn               i - +3 ring of strength
MPRegen 0.17/turn               m - +6 ring of strength

@: strong-willed, regenerating, quick
A: very small, claws 1, fangs 3, see invisible, speed 1, shaggy fur 2, stealthy
paws, no weapons or thrown items, no armour, multi-lived
a: Renounce Religion, Berserk, Trog's Hand, Brothers in Arms


You were in the Dungeon.
You worshipped Trog.
Trog was exalted by your worship.
You visited 1 branch You collected 1918 gold pieces.
You spent 1753 gold pieces at shops.

Inventory:

Jewellery
 i - a +3 ring of strength (left paw)
 j - a ring of poison resistance
 m - a +6 ring of strength (right paw)
 n - a ring of protection from fire
 o - the amulet "Yrilu" (around neck) {Reflect rElec MP+9 Dex-3 Slay+4 SH+5}
   (You bought it in a shop in the Dungeon)

   [amulet of reflection]

   It reflects blocked missile attacks.
   Dex:       It affects your dexterity (-3).
   Slay:      It affects your accuracy & damage with ranged weapons and melee
   (+4).
   rElec:     It insulates you from electricity.
   MP:        It affects your magic capacity (+9).
   SH:        It affects your SH (+5).
 p - a ring of protection from cold
Wands
 h - a wand of acid (10)
Scrolls
 f - 2 scrolls of blinking
 k - 5 scrolls of identify
 l - 3 scrolls of fear
 q - a scroll of fog
Potions
 a - a potion of mutation {unknown}
 b - 2 potions of heal wounds
 c - 2 potions of haste
 d - 4 potions of magic
 e - 2 potions of berserk rage
 g - 5 potions of curing


   Skills:
 + Level 16.8 Fighting
 + Level 21.3 Dodging
 + Level 22.6 Stealth
 * Level 17.4 Unarmed Combat


You had 10 spell levels left.
You didn't know any spells.
Your spell library was empty.

Dungeon Overview and Level Annotations

Branches:
Dungeon (1/1)

Altars:
Cheibriados
Dithmenos
Elyvilon
Fedhas
Gozag
Hepliaklqana
Kikubaaqudgha
Makhleb
Nemelex Xobeh
Okawaru
Qazlal
Ru
Sif Muna
Trog
Uskayaw
Vehumet
Wu Jian
Xom
Yredelemnul
Zin
The Shining One
Jiyva
Lugonu

Shops:
D =(*!


Innate Abilities, Weirdness & Mutations

You have sharp claws.
You have razor-sharp teeth.
You have supernaturally acute eyesight. (SInv)
You cover ground quickly. (Speed+)
You are covered in thick fur. (AC +2)
Your paws help you pounce on unaware monsters.
You are incapable of wielding weapons or throwing items.
You cannot wear armour.
You gain extra lives every three experience levels.


Message History

The tengu conjurer gestures at you while chanting.
The bolt of lightning hits your troll! The bolt of lightning hits you!
You resist.
Your troll bites the tengu conjurer!
The tengu conjurer dies!
Trog accepts your kill.
Trog appreciates your killing of a magic user.
Unknown command.
Your troll barely misses the ice dragon. x2
Your troll claws the ice dragon!
The ice dragon bites your troll! The ice dragon claws your troll!
The ice dragon tramples your troll!
Your troll stumbles backwards!
Unknown command.
Your troll bites the ice dragon but does no damage.
Your troll claws the ice dragon!
Your troll claws the ice dragon but does no damage.
Your troll bites the ice dragon.
Your troll claws the ice dragon.
Your troll barely misses the ice dragon.
The ice dragon breathes frost at you. The blast of cold hits your troll!!!
Your troll dies!
Your troll's corpse disappears in a puff of smoke!
The blast of cold hits you!!
Unknown command.
Your stone giant goes berserk!
You swap places.
The ice dragon bites your stone giant! The ice dragon claws your stone giant.
The ice dragon tramples your stone giant!
Your stone giant stumbles backwards!
Your stone giant hits the ice dragon!
Your stone giant barely misses the ice dragon.
The ice dragon bites your stone giant but does no damage.
The ice dragon claws your stone giant!
The ice dragon tramples your stone giant but does no damage.
Unknown command.
Unknown command.
Your stone giant hits the ice dragon!!!
The ice dragon breathes frost at you.
The blast of cold hits your stone giant!!
The blast of cold hits you!!!
Ouch! That really hurt!
You die...

▓_▓.▓.▓.▓.▓.▓[▓
▓_▓.▓.▓.▓'▓.▓[▓
▓_▓.▓.▓.▓)▓.▓[▓
▓_▓.▓.▓.▓)▓.▓[▓
▓_▓.▓†▓.▓)▓.▓[▓
▓_▓.▓†▓.▓)▓.▓[▓
▓_▓.▓.▓.▓)▓.▓.▓
▓_▓.▓.▓.▓)▓.▓.▓
▓_▓.▓.▓.▓.▓.▓@▓
▓_▓.▓.▓.▓.▓.▓.▓
▓_▓.▓.▓.▓.▓.▓.▓
▓_▓.▓.▓.▓.▓.▓C▓
▓_▓.▓.▓.▓.▓.▓D▓
▓_▓.▓.▓.▓.▓.▓.▓
▓_▓.▓.▓.▓'▓.▓)▓
▓'▓.▓'▓.▓.▓.▓[▓
▓.▓.▓.▓.▓.▓.▓†▓


You could see an ice dragon (catching breath, ally target) and a friendly stone
giant (summoned, berserk).

Vanquished Creatures
  Erolcha (D)
  2 hydras (D)
  A two-headed ogre (D)
  Erica (D)
  6 orc high priests (D)
  9 orc knights (D)
  An ugly thing (D)
  A manticore (D)
  A cyclops (D)
  3 cane toads (D)
  A gargoyle (D)
  2 komodo dragons (D)
  A polar bear (D)
  A slime creature (D)
  A blink frog (D)
  2 wyverns (D)
  A wraith (D)
  A basilisk (D)
  A steam dragon (D)
  3 yaks (D)
  4 wargs (D)
  3 hell hounds (D)
  3 water moccasins (D)
  12 orc warriors (D)
  A wolf (D)
  A scorpion (D)
  4 orc priests (D)
  2 iguanas (D)
  5 orc wizards (D)
  An adder (D)
  A dart slug (D)
  An adder simulacrum (D)
  4 orcs (D)
  An endoplasm (D)
  A goblin (D)
  A kobold (D)
  A ball python (D)
  A bat (D)
87 creatures vanquished.

Vanquished Creatures (collateral kills)
  A very ugly thing (D)
  An ettin (D)
  A necromancer (D)
  An ugly thing (D)
  A manticore (D)
  A cyclops (D)
  2 black mambas (D)
  A tengu conjurer (D)
  A slime creature (D)
  A blink frog (D)
  A basilisk (D)
  A water moccasin (D)
13 creatures vanquished.

Grand Total: 100 creatures vanquished

Notes
Turn   | Place    | Note
-------+----------+-------------------------------------------
     0 | D        | Groucho the Felid Berserker began the quest for the Orb.
     0 | D        | Reached XP level 1. HP: 10/10 MP: 2/2
    12 | D        | Reached skill level 1 in Stealth
    13 | D        | Reached ** piety under Trog
    17 | D        | Reached skill level 2 in Stealth
    69 | D        | Noticed a scorpion
    69 | D        | Noticed an iguana
    69 | D        | Noticed an iguana
    80 | D        | Killed a scorpion
    81 | D        | Reached skill level 5 in Stealth
    81 | D        | Reached XP level 2. HP: 15/15 MP: 3/3
    81 | D        | Reached XP level 3. HP: 19/19 MP: 4/4
    91 | D        | Reached skill level 5 in Fighting
    91 | D        | Reached skill level 5 in Unarmed Combat
    91 | D        | Reached XP level 4. HP: 23/23 MP: 5/5
    97 | D        | Reached *** piety under Trog
    98 | D        | Reached skill level 6 in Stealth
   511 | D        | Found a snail-covered altar of Cheibriados.
   511 | D        | Found a shadowy altar of Dithmenos.
   511 | D        | Found a white marble altar of Elyvilon.
   511 | D        | Found a blossoming altar of Fedhas.
   511 | D        | Found an opulent altar of Gozag.
   512 | D        | Found a hazy altar of Hepliaklqana.
   513 | D        | Found a viscous altar of Jiyva.
   514 | D        | Found an ancient bone altar of Kikubaaqudgha.
   515 | D        | Found a corrupted altar of Lugonu.
   516 | D        | Found a burning altar of Makhleb.
   517 | D        | Found a sparkling altar of Nemelex Xobeh.
   518 | D        | Found an iron altar of Okawaru.
   519 | D        | Found a stormy altar of Qazlal.
   520 | D        | Found a sacrificial altar of Ru.
   521 | D        | Found a shimmering blue altar of Sif Muna.
   522 | D        | Found a bloodstained altar of Trog.
   523 | D        | Found a hide-covered altar of Uskayaw.
   524 | D        | Found a radiant altar of Vehumet.
   525 | D        | Found an ornate altar of the Wu Jian Council.
   526 | D        | Found a shimmering altar of Xom.
   527 | D        | Found a basalt altar of Yredelemnul.
   528 | D        | Found a glowing silver altar of Zin.
   529 | D        | Found a glowing golden altar of the Shining One.
   558 | D        | Noticed a two-headed ogre
   558 | D        | Noticed a steam dragon
   558 | D        | Noticed an orc warrior
   558 | D        | Noticed a wyvern
   558 | D        | Noticed a wraith
   558 | D        | Noticed an orc warrior
   562 | D        | Killed a two-headed ogre
   563 | D        | Reached skill level 11 in Stealth
   563 | D        | Reached XP level 5. HP: 30/30 MP: 6/6
   563 | D        | Gained mutation: You are covered in thick fur. (AC +2)
                  | [Felid growth]
   563 | D        | Reached XP level 6. HP: 34/34 MP: 7/7
   563 | D        | Reached XP level 7. HP: 37/37 MP: 8/8
   566 | D        | Killed a steam dragon
   566 | D        | Reached **** piety under Trog
   569 | D        | Reached skill level 12 in Stealth
   572 | D        | Killed a wyvern
   573 | D        | Reached XP level 8. HP: 27/42 MP: 9/9
   586 | D        | Reached skill level 13 in Stealth
   590 | D        | Noticed a six-headed hydra
   590 | D        | Noticed a white ugly thing
   590 | D        | Noticed a komodo dragon
   590 | D        | Noticed a slime creature
   590 | D        | Noticed a gargoyle
   592 | D        | Killed a six-headed hydra
   593 | D        | Reached skill level 10 in Fighting
   593 | D        | Reached skill level 14 in Stealth
   593 | D        | Reached skill level 10 in Unarmed Combat
   595 | D        | Reached XP level 9. HP: 41/47 MP: 10/10
   596 | D        | Killed a white ugly thing
   596 | D        | Reached ***** piety under Trog
   598 | D        | Killed a komodo dragon
   599 | D        | Reached skill level 15 in Stealth
   602 | D        | Killed a gargoyle
   603 | D        | Reached skill level 15 in Dodging
   837 | D        | Noticed a four-headed hydra
   837 | D        | Noticed a cane toad
   851 | D        | Killed a four-headed hydra
   852 | D        | Reached skill level 16 in Stealth
   852 | D        | Reached XP level 10. HP: 42/53 MP: 11/11
   867 | D        | Killed a cane toad
   871 | D        | Reached skill level 17 in Stealth
  2129 | D        | Noticed a cane toad
  2129 | D        | Noticed a cane toad
  2131 | D        | Noticed a black mamba
  2135 | D        | Noticed a black mamba
  2141 | D        | Killed a cane toad
  2155 | D        | Killed a cane toad
  2155 | D        | Reached ****** piety under Trog
  2162 | D        | Killed a black mamba
  2163 | D        | Reached skill level 18 in Stealth
  2163 | D        | Killed a black mamba
  2250 | D        | Reached XP level 11. HP: 25/59 MP: 12/12
  2928 | D        | Noticed an orc knight
  2939 | D        | Noticed an orc knight
  2944 | D        | Killed an orc knight
  2945 | D        | Reached skill level 19 in Stealth
  2954 | D        | Killed an orc knight
  3291 | D        | Found Hobuasiv's Jewellery Emporium.
  3291 | D        | Noticed an orc knight
  3291 | D        | Noticed an orc knight
  3291 | D        | Noticed an orc high priest
  3291 | D        | Noticed an orc high priest
  3291 | D        | Noticed an orc high priest
  3496 | D        | Shot with a bolt by an orc knight
  3497 | D        | Reached XP level 10. HP: -11/57 MP: 11/11
  3512 | D        | Noticed Erolcha
  3519 | D        | Killed Erolcha
  3546 | D        | Noticed Erica
  3553 | D        | Killed Erica
  3554 | D        | Reached skill level 20 in Stealth
  3584 | D        | Found Letaukk's Distillery.
  3584 | D        | Noticed an orc high priest
  3584 | D        | Noticed an orc knight
  3584 | D        | Noticed an orc high priest
  3584 | D        | Noticed an orc knight
  3584 | D        | Noticed an orc knight
  3586 | D        | Killed an orc knight
  3587 | D        | Reached skill level 15 in Unarmed Combat
  3587 | D        | Found Peozid's General Store.
  3587 | D        | Noticed an orc high priest
  3588 | D        | Noticed a sun demon
  3607 | D        | Killed an orc knight
  3608 | D        | Reached skill level 15 in Fighting
  3611 | D        | Killed an orc high priest
  3623 | D        | Killed an orc knight
  3624 | D        | Reached XP level 11. HP: 25/61 MP: 12/12
  3643 | D        | Killed an orc high priest
  3648 | D        | Killed an orc high priest
  3865 | D        | Noticed an orc knight
  3867 | D        | Found Kiqotza's Antique Weapon Shoppe.
  3875 | D        | Noticed an orc knight
  3881 | D        | Mangled by an orc knight
  3882 | D        | Reached XP level 10. HP: -11/58 MP: 11/11
  3912 | D        | Killed an orc knight
  3913 | D        | Reached skill level 21 in Stealth
  3917 | D        | Killed an orc knight
  4130 | D        | Noticed a sun demon
  4130 | D        | Noticed an orange demon
  4131 | D        | Killed an orc high priest
  4134 | D        | Killed an orc high priest
  4136 | D        | Killed an orc high priest
  4314 | D        | Killed an orc knight
  4329 | D        | Killed an orc knight
  4330 | D        | Reached XP level 11. HP: 19/62 MP: 12/12
  4567 | D        | Bought a +6 ring of strength for 396 gold pieces
  4567 | D        | Bought a ring of protection from fire for 275 gold pieces
  4567 | D        | Bought the amulet "Yrilu" {Reflect rElec MP+9 Dex-3 Slay+4
                  | SH+5} for 807 gold pieces
  4567 | D        | Bought a ring of protection from cold for 275 gold pieces
  5070 | D        | Noticed a red ugly thing
  5089 | D        | Noticed a brown very ugly thing
  5093 | D        | Reached skill level 22 in Stealth
  5106 | D        | Killed a brown very ugly thing
  5113 | D        | Killed a red ugly thing
  5113 | D        | Noticed an ettin
  5115 | D        | Noticed a necromancer
  5125 | D        | Killed an ettin
  5125 | D        | Noticed an ice dragon
  5126 | D        | Killed a necromancer
  5137 | D        | Killed from afar by an ice dragon

Illustrated notes

Levels and vault maps discovered:
D:        linesprint [early_d, line_temple, items_1, d_10, items_2, lair_1,
          lair_end, items_3, orc_1, orc_end, items_4, d_15, swamp_1, shoals_1,
          snake_1, spider_1, d_20, vaults_1, items_5, swamp_end, shoals_end,
          snake_end, spider_end, vaults_end, d_27, items_6, zot_1, zot_end,
          crypt_end, forest_end, elf_end, slime_end, tomb_end, abyss_end,
          pan_hell_end]

Skill      XL: |  1  2  3  4  5  6  7  8  9 10 11 |
---------------+----------------------------------+-----
Stealth        | 5 11 12 14 16 21 22 | 22.6
Fighting       | 4 5 8 9 10 12 16 14 | 16.8
Dodging        | 6 11 12 13 15 20 21 | 21.3
Unarmed Combat | 4 5 8 9 10 12 16 17 | 17.4

Action                   |  1- 3 |  4- 6 |  7- 9 | 10-12 || total
-------------------------+-------+-------+-------+-------++-------
Melee: Unarmed           |    28 |    16 |    30 |   265 ||   339
       Punch             |     2 |     1 |     3 |    21 ||    27
       Bite              |     3 |     3 |     3 |    25 ||    34
Invok: Trog's Hand       |     1 |       |     2 |    16 ||    19
       Berserk           |     1 |       |     1 |     4 ||     6
       Brothers in Arms  |       |       |     1 |     5 ||     6
  Use: Potion            |     1 |     1 |     3 |     6 ||    11
       Scroll            |       |       |       |     1 ||     1
 Stab: Invisible         |       |     1 |     4 |       ||     5
       Sleeping          |       |     1 |     7 |     8 ||    16
Armor: Skin              |     1 |       |     2 |       ||     3
Dodge: Dodged            |    23 |     5 |    27 |   183 ||   238
